 Dungeon Crawl Stone Soup version 0.19-a0-1637-gfc13266 (webtiles) character file.

18 Amnesiac the Digger (level 2, 0/19 HPs)
             Began as a Mummy Earth Elementalist on Sept 19, 2016.
             Slain by a scorpion (6 damage)
             ... on level 4 of the Dungeon.
             The game lasted 00:02:34 (500 turns).

Amnesiac the Digger (Mummy Earth Elementalist)       Turns: 500, Time: 00:02:34

Health: 0/19       AC:  2    Str: 11    XL:     2   Next: 48%
Magic:  0/5        EV: 12    Int: 14    God:
Gold:   73         SH:  0    Dex: 12    Spells: 1 memorised, 4 levels left

rFire  x . .     SeeInvis .     b - 20 stones
rCold  + . .     Gourm    .     c - +0 robe
rNeg   + + +     Faith    .     (no shield)
rPois  ∞         Spirit   .     (no helmet)
rElec  .         Dismiss  .     (no cloak)
rCorr  .         Reflect  .     (no gloves)
MR     +....     Harm     .     (no boots)
Stlth  ++........               (no amulet)
                                (no ring)
                                e - ring of protection from magic

@: very slightly contaminated
A: no food or potions, fire vulnerability, cold resistance 1, negative energy
resistance 3, torment resistance, unbreathing
a: no special abilities


You were on level 4 of the Dungeon.
You were not hungry.

You visited 1 branch of the dungeon, and saw 4 of its levels.

You collected 73 gold pieces.

Inventory:

Hand Weapons
 a - a +1 vampiric short sword
Missiles
 b - 20 stones (in hand)
Armour
 c - a +0 robe (worn)
Jewellery
 e - a ring of protection from magic (left hand)
Scrolls
 f - 2 scrolls of immolation {unknown}
Books
 d - a book of Geomancy

   Spells                             Type                      Level
   a - Sandblast                      Earth                        1
   b - Passwall                       Transmutation/Earth          2
   c - Stone Arrow                    Conjuration/Earth            3
   d - Petrify                        Transmutation/Earth          4
   e - Lee's Rapid Deconstruction     Earth                        5


   Skills:
 - Level 1.5 Dodging
 - Level 1.5 Stealth
 - Level 2.0 Spellcasting
   Level 0.7 Transmutations
 + Level 3.2 Earth Magic


You had 4 spell levels left.
You knew the following spells:

 Your Spells              Type           Power        Failure   Level  Hunger
f - Sandblast             Erth           ##....       10%         1    N/A

Dungeon Overview and Level Annotations

Branches:
Dungeon (4/15)
 Temple: D:4-7

Altars:
Cheibriados
Dithmenos


Innate Abilities, Weirdness & Mutations

You do not eat or drink.
Your flesh is vulnerable to fire.
You are immune to poison.
Your flesh is cold resistant. (rC+)
You are immune to negative energy. (rN+++)
You are immune to unholy pain and torment.
You can survive without breathing.


Message History

The scorpion is severely wounded.
The scorpion misses you.
Casting: Sandblast
Confirm with . or Enter, or press ? or * to list all spells.
Aiming: Sandblast
Press: ? - help, Shift-Dir - straight line, f/p - scorpion
Aim: a scorpion (heavily wounded)
The rocky blast hits the scorpion.
The scorpion is severely wounded.
The scorpion stings you!
Casting: Sandblast
Confirm with . or Enter, or press ? or * to list all spells.
Aiming: Sandblast
Press: ? - help, Shift-Dir - straight line, f/p - scorpion
Aim: a scorpion (severely wounded)
You miscast Sandblast.
You are very lightly contaminated with residual magic.
You are showered with tiny particles of grit.
The scorpion stings you.
You die...

#..........#.
#...#..#.....
........# #....#
#...# #####..###
#........#
#.###.##[# ##@###.#
.# #..s.#.# #
###.####<.....##..
....................
...######....###....
#.#.## #.. #..... .
#.##### ...


You could see a scorpion.

Vanquished Creatures
  An adder (D:3)
  A dart slug (D:3)
  A goblin (D:3)
  2 bats (D:2)
  A frilled lizard (D:2)
  2 kobolds (D:2)
  A rat (D:2)
9 creatures vanquished.

Notes
Turn   | Place    | Note
-------+----------+-------------------------------------------
     0 | D:1      | Amnesiac the Mummy Earth Elementalist began the quest for the Orb.
     0 | D:1      | Reached XP level 1. HP: 13/13 MP: 3/3
   270 | D:3      | Found a shadowy altar of Dithmenos.
   363 | D:3      | Reached skill level 3 in Earth Magic
   363 | D:3      | Reached XP level 2. HP: 3/19 MP: 0/5
   433 | D:3      | Found a snail-covered altar of Cheibriados.
   469 | D:4      | Noticed a scorpion
   500 | D:4      | Slain by a scorpion

Vault maps used:
D:1:      minmay_arrival_solitary_statue, minmay_misc_feat_doors,
          hangedman_decor_push, st_stairs_7
D:2:      first_bread
D:3:      lemuel_round_altar, lemuel_round_altar, portal_sewer_entry_d
D:4:      kennysheep_little_box, makhleb_blood_cavern_becter, tso_oasis_becter,
          enter_ossuary_3, grunt_ministairs_10, minmay_misc_feat_plants,
          uniq_eustachio, uniq_pikel, uniq_blork_the_orc

Skill      XL: |  1 |
---------------+----+-----
Earth Magic    | 3 |  3.2
Dodging        | |  1.5
Stealth        | |  1.5
Spellcasting   | |  2.0
Transmutations | |  0.7

Action                   || total
-------------------------++-------
Melee: Short sword       ||    20
 Cast: Sandblast         ||    17
 Stab: Sleeping          ||     1
Armor: Robe              ||     3
Dodge: Dodged            ||    20
